 Dungeon Crawl Stone Soup version 0.30-a0-800-g7c544603b3 (webtiles) character file.

Game seed: 12404941636193691511

4552 Iich the Severer (level 10, -1/94 HPs)
             Began as a Hill Orc Fighter on Feb 21, 2023.
             Was an Initiate of Gozag.
             Slain by a komodo dragon (17 damage)
             ... on level 8 of the Dungeon.
             The game lasted 00:10:43 (7502 turns).

Iich the Severer (Hill Orc Fighter)                 Turns: 7502, Time: 00:10:44

Health: -1/94      AC: 17    Str: 20    XL:     10   Next: 40%
Magic:  10/10      EV:  9    Int:  8    God:    Gozag
Gold:   270        SH: 10    Dex: 14    Spells: 9/9 levels left

rFire   . . .      SeeInvis +    a - +1 war axe
rCold   . . .      Faith    .    c - +0 buckler
rNeg    + . .      Spirit   .    t - +2 scale mail {rN+}
rPois   .          Reflect  +    j - +2 helmet
rElec   .          Harm     .    A - +0 cloak
rCorr   .          Rampage  .    e - +2 pair of gloves
Will    +....                    E - +0 pair of boots Stlth
                                 J - amulet of reflection
HPRegen 0.35/turn                o - ring of willpower
MPRegen 0.12/turn                D - ring of see invisible

@: no status effects
A: no striking features
a: Renounce Religion, Potion Petition, Call Merchant, Bribe Branch


You were on level 8 of the Dungeon.
You worshipped Gozag.
Gozag was aware of your devotion.
You visited 2 branches of the dungeon, and saw 9 of its levels.

You collected 739 gold pieces.
You spent 308 gold pieces at shops.
You paid 161 gold pieces to Gozag.

Inventory:

Hand Weapons
 a - a +1 war axe (weapon)
Armour
 c - a +0 buckler (worn)
 e - a +2 pair of gloves (worn)
 j - a +2 helmet (worn)
 t - a +2 scale mail of positive energy (worn)
 A - a +0 cloak (worn)
 E - a +0 pair of boots (worn)
Jewellery
 h - a ring of fire
 o - a ring of willpower (left hand)
 D - a ring of see invisible (right hand)
 J - an amulet of reflection (around neck)
Wands
 r - a wand of flame (30)
 s - a wand of polymorph (2)
 w - a wand of paralysis (11)
 I - a wand of roots (9)
Scrolls
 b - a scroll of torment
 f - 4 scrolls of magic mapping
 g - 3 scrolls of enchant weapon
 l - a scroll of immolation
 m - 2 scrolls of fear
 q - a scroll of blinking
 x - a scroll of silence
 y - a scroll of poison
 C - 3 scrolls of teleportation
 H - a scroll of fog
Potions
 d - 2 potions of might
 i - a potion of heal wounds
 k - a potion of haste
 n - 2 potions of ambrosia
 p - 2 potions of brilliance
 u - a potion of invisibility
 v - a potion of resistance
 z - a potion of mutation {unknown}
 B - 2 potions of lignification
 F - 3 potions of curing
 G - 2 potions of flight {unknown}


   Skills:
 + Level 10.9 Fighting
 * Level 15.7 Axes
 - Level 3.2 Armour
 - Level 3.2 Shields


You had 9 spell levels left.
You didn't know any spells.
Your spell library contained the following spells:

 Spells                   Type           Power      Damage    Failure   Level
 Dazzling Flash           Conj/Hex       0%         N/A       99%         3
 Iskenderun's Mystic Bla  Conj/Tloc      0%         2d3       100%        4
 Starburst                Conj/Fire      0%         6d3       100%        6


Dungeon Overview and Level Annotations

Branches:
Dungeon (8/15)             Temple (1/1) D:7
   Lair: D:8-11

Altars:
Ashenzari
Cheibriados
Dithmenos
Elyvilon
Gozag
Hepliaklqana
Kikubaaqudgha
Makhleb
Nemelex Xobeh
Okawaru
Ru
Sif Muna
Trog
Vehumet
Xom
Yredelemnul
Zin
The Shining One

Shops:
D:1 :   D:7 ?   D:8 ?

Annotations:
D:5 2 transporters, a11behringer's ghost, novice MiBe
Temple 2 transporters


Message History

The iguana hisses angrily.
You slash the yak!
The yak is almost dead.
You block the yak's attack.
You hit the yak but do no damage.
The yak is almost dead.
The yak closely misses you.
You slice the yak!!
You kill the yak!
You hit the iguana but do no damage. You barely miss the iguana.
The iguana is no longer distracted by gold.
You hit the komodo dragon but do no damage.
You slash the komodo dragon!
The komodo dragon is moderately wounded.
The komodo dragon bites you but does no damage.
You barely miss the komodo dragon.
The komodo dragon is moderately wounded.
The iguana is distracted by your dazzling golden aura.
You block the komodo dragon's attack.
The iguana hisses angrily.
You hit the komodo dragon but do no damage.
The komodo dragon is moderately wounded.
The iguana is distracted by your dazzling golden aura.
You closely miss the komodo dragon.
The komodo dragon is moderately wounded.
The iguana hisses angrily.
The komodo dragon bites you but does no damage.
You slash the komodo dragon!
The komodo dragon is severely wounded.
The komodo dragon bites you!!
* * * LOW HITPOINT WARNING * * *
You slash the komodo dragon!
The komodo dragon is almost dead.
You hit the komodo dragon but do no damage.
The komodo dragon is almost dead.
The iguana is no longer distracted by gold.
The komodo dragon bites you!
You die...
Your body crumbles into a pile of gold.

##### ....
###.#l ##....#
.....# #.ll.#
#lll.# .. ...
#l# .≈ ≈≈≈. ##@#
.≈ #≈≈.####
##..# .≈
#≈....###..##
.≈#
##≈.....#..##
.≈≈##≈≈.......##
.≈≈≈≈≈≈......##
.............#
###.........##
#.......##


You could see a komodo dragon, 2 iguanas and 4 frilled lizards.

Vanquished Creatures
  Erica (D:8)
  Sigmund (D:2)
  A wyvern (D:7)
  7 yaks
  3 water moccasins
  2 orc warriors
  2 sky beasts
  6 ogres
  A kobold brigand (D:7)
  2 bullfrogs
  A scorpion (D:7)
  3 wights (D:7)
  6 electric eels
  2 gnoll boudas
  3 hounds
  6 orc priests
  2 jellies
  Ijyb (D:3)
  2 iguanas
  6 orc wizards
  Robin (D:2)
  10 gnolls
  2 adders (D:4)
  A worm (D:2)
  4 dart slugs
  20 orcs
  6 ball pythons
  6 bats
  7 endoplasms
  A giant cockroach (D:2)
  18 goblins
  11 hobgoblins
  4 jackals (D:5)
  2 quokkas (D:1)
  3 frilled lizards
  7 kobolds
  8 rats
169 creatures vanquished.

Vanquished Creatures (others)
  49 plants
49 creatures vanquished.

Grand Total: 218 creatures vanquished

Notes
Turn   | Place    | Note
-------+----------+-------------------------------------------
     0 | D:1      | Iich the Hill Orc Fighter began the quest for the Orb.
     0 | D:1      | Reached XP level 1. HP: 19/19 MP: 1/1
    31 | D:1      | Reached skill level 3 in Axes
    94 | D:1      | Reached XP level 2. HP: 27/27 MP: 2/2
   324 | D:1      | Reached skill level 4 in Axes
   326 | D:1      | Reached XP level 3. HP: 33/33 MP: 3/3
   563 | D:1      | Found Fiuggaukk's Vocational Training.
   784 | D:2      | Noticed Robin
   800 | D:2      | Killed Robin
   801 | D:2      | Reached XP level 4. HP: 27/41 MP: 4/4
   967 | D:2      | Reached skill level 5 in Axes
  1047 | D:2      | Noticed Sigmund
  1075 | D:2      | Killed Sigmund
  1076 | D:2      | Reached skill level 5 in Fighting
  1076 | D:2      | Reached skill level 6 in Axes
  1076 | D:2      | Reached XP level 5. HP: 39/48 MP: 5/5
  1076 | D:2      | Reached XP level 6. HP: 46/56 MP: 6/6
  1337 | D:3      | Reached skill level 7 in Axes
  1338 | D:3      | HP: 1/56 [orc priest/divine providence (15)]
  1629 | D:3      | Noticed Ijyb
  1637 | D:3      | Killed Ijyb
  1734 | D:3      | Found a sacrificial altar of Ru.
  1831 | D:3      | Found a faded altar of an unknown god.
  2072 | D:4      | Reached skill level 8 in Axes
  2072 | D:4      | Reached XP level 7. HP: 35/63 MP: 7/7
  2643 | D:5      | Entered Level 5 of the Dungeon
  2918 | D:5      | Reached skill level 9 in Axes
  3020 | D:5      | Found a transporter.
  3021 | D:5      | Noticed a11behringer's ghost (novice MiBe)
  3045 | D:5      | Found a transporter.
  3243 | D:5      | Reached XP level 8. HP: 52/73 MP: 8/8
  3353 | D:5      | Reached skill level 10 in Axes
  4071 | D:6      | Reached skill level 11 in Axes
  4528 | D:7      | Reached skill level 12 in Axes
  4603 | D:7      | Reached XP level 9. HP: 75/82 MP: 9/9
  5032 | D:7      | Found a staircase to the Ecumenical Temple.
  5050 | Temple   | Entered the Ecumenical Temple
  5050 | Temple   | Found a transporter.
  5050 | Temple   | Found a transporter.
  5052 | Temple   | Found a transporter.
  5052 | Temple   | Found a transporter.
  5077 | Temple   | Became a worshipper of Gozag Ym Sagoz the Greedy
  5192 | D:7      | Found a burning altar of Makhleb.
  5243 | D:7      | Reached skill level 13 in Axes
  5452 | D:7      | Found Suemn's Magic Scroll Shoppe.
  5467 | D:7      | Bought a scroll of identify for 24 gold pieces
  5467 | D:7      | Bought a scroll of enchant armour for 90 gold pieces
  5467 | D:7      | Bought a scroll of enchant armour for 90 gold pieces
  5579 | D:7      | Identified the +2 robe "Seicvaj" {Rampage rC+ Str-2 Dex+2}
  5656 | D:7      | Found a snail-covered altar of Cheibriados.
  6205 | D:7      | Found a shadowy altar of Dithmenos.
  6601 | D:8      | Reached skill level 14 in Axes
  6875 | D:8      | Found Nuffirph's Magic Scroll Emporium.
  6883 | D:8      | Bought a scroll of magic mapping for 82 gold pieces
  6883 | D:8      | Bought a scroll of identify for 22 gold pieces
  6924 | D:8      | Noticed Erica
  6928 | D:8      | Reached skill level 10 in Fighting
  7405 | D:8      | Killed Erica
  7406 | D:8      | Reached skill level 15 in Axes
  7406 | D:8      | Reached XP level 10. HP: 93/94 MP: 10/10
  7502 | D:8      | Slain by a komodo dragon

Illustrated notes

Levels and vault maps discovered:
D:1:      ebering_hopf_link, layout_loops_cross, nicolae_shop_vocational
D:2:      layout_rooms, uniq_sigmund, uniq_robin
D:3:      kennysheep_six_static_rooms, layout_rooms, nicolae_ru_path_of_blood,
          hellmonk_ecumenical_altar_lost_god, uniq_ijyb
D:4:      layout_loops_ring
D:5:      layout_basic, gammafunk_ghost_stat_death
D:6:      layout_rooms, minmay_crossroads
D:7:      layout_basic, mainiacjoe_overflow_paths, lemuel_crystal_altar,
          grunt_dithmenos_smoke_and_mirrors, minmay_temple_entry_grid,
          serial_bayou, serial_bayou_pond_b, serial_bayou_ford_a,
          serial_bayou_pond_e, serial_bayou_crossing, serial_bayou_lagoon_a,
          serial_shops, shop
D:8:      nicolae_moon_pools, layout_rooms, serial_shops, shop,
          minmay_lizard_king, uniq_erica, uniq_maurice
Temple:   hellmonk_temple_divided_pantheon

Skill      XL: |  1  2  3  4  5  6  7  8  9 |
---------------+----------------------------+-----
Axes           | 3 4 6 8 9 12 15 | 15.7
Fighting       | 4 5 6 7 8 10 | 10.9
Armour         | |  3.2
Shields        | |  3.2

Action                     |  1- 3 |  4- 6 |  7- 9 | 10-12 || total
---------------------------+-------+-------+-------+-------++-------
  Melee: War axe           |    72 |   117 |   365 |    49 ||   603
  Evoke: Wand              |       |       |     1 |       ||     1
    Use: Scroll            |     2 |     6 |    10 |       ||    18
         Potion            |     1 |     5 |     5 |       ||    11
 Armour: Scale mail        |    33 |    63 |   117 |     8 ||   221
         Skin              |       |       |    10 |       ||    10
  Dodge: Dodged            |    39 |    48 |   114 |     5 ||   206
  Block: Buckler           |     9 |    18 |    72 |    12 ||   111

Table legend: (Time is in decaauts)
 A = Elapsed time spent in this place.
 B = Non-inter-level travel time spent in this place.
 C = Inter-level travel time spent in this place.
 D = Time resting spent in this place.
 E = Time spent auto-exploring this place.
 F = Levels seen in this place.
 G = Mean time per level.
                   A        B        C        D        E       F      G
               +--------+--------+--------+--------+--------+-----+--------+
         Total |   7564 |   7408 |    156 |    978 |   5031 |   9 |  840.4 |
       Dungeon |   7517 |   7361 |    156 |    978 |   5026 |   8 |  939.6 |
        Temple |     46 |     46 |      0 |      0 |      5 |   1 |   46.0 |
               +--------+--------+--------+--------+--------+-----+--------+

Top non-repeatable levels by time:
     D:7: 2465 daAuts
     D:5: 1088 daAuts
     D:3: 760 daAuts
     D:1: 746 daAuts
     D:8: 689 daAuts
     D:4: 626 daAuts
     D:6: 579 daAuts
     D:2: 561 daAuts
  Temple: 46 daAuts
